 Dungeon Crawl Stone Soup version 0.23.0 (webtiles) character file.

Game seed: 2436937216480132887

630 Laan the Covered (level 7, -3/44 HPs)
             Began as a Gargoyle Fighter on Feb 8, 2019.
             Was an Initiate of the Shining One.
             Slain by Duvessa
             ... wielding a +5 short sword of speed
              (14 damage)
             ... on level 5 of the Dungeon.
             The game lasted 00:08:23 (3540 turns).

Laan the Covered (Gargoyle Fighter)                 Turns: 3540, Time: 00:08:24

Health: -3/44      AC: 18    Str: 21    XL:     7   Next: 48%
Magic:  7/7        EV:  4    Int:  9    God:    the Shining One [......]
Gold:   252        SH:  9    Dex:  9    Spells: 6/6 levels left

rFire    . . .     SeeInvis .   a - +0 war axe
rCold    . . .     Gourm    .   c - +0 shield
rNeg     + . .     Faith    .   J - +0 plate armour (curse)
rPois    ∞         Spirit   .   y - +0 helmet
rElec    +         Reflect  .   (no cloak)
rCorr    .         Harm     .   (no gloves)
MR       .....                  (no boots)
Stlth    ..........             (no amulet)
HPRegen  0.14/turn              (no ring)
MPRegen  0.10/turn              (no ring)

@: glowing
A: negative energy resistance 1, electricity resistance, unbreathing,
petrification resistance, rot immunity, AC +4
a: Renounce Religion


You were on level 5 of the Dungeon.
You worshipped the Shining One.
The Shining One was noncommittal.
You were not hungry.

You visited 2 branches of the dungeon, and saw 6 of its levels.

You collected 252 gold pieces.

Inventory:

Hand Weapons
 a - a +0 war axe (weapon)
 A - a +2 antimagic hand axe
Armour
 c - a +0 shield (worn)
 y - a +0 helmet (worn)
 J - a cursed +0 plate armour (worn)
Wands
 x - a wand of scattershot (7)
 z - a wand of iceblast (6)
 B - a wand of digging (5)
Scrolls
 e - 2 scrolls of fear {unknown}
 g - a scroll of silence {unknown}
 j - 7 scrolls of identify {unknown}
 l - 5 scrolls of teleportation {unknown}
 n - a scroll of random uselessness {unknown}
 o - 2 scrolls of magic mapping {unknown}
 q - a scroll of amnesia {unknown}
 r - 6 scrolls of remove curse {unknown}
 v - a scroll of blinking {unknown}
 D - a scroll of fog {unknown}
 E - a scroll of enchant armour {unknown}
 G - 2 scrolls of enchant weapon {unknown}
 H - a scroll of brand weapon {unknown}
Potions
 d - a potion of might
 h - a potion of ambrosia {unknown}
 i - 3 potions of cancellation {unknown}
 k - 3 potions of curing
 m - a potion of heal wounds {unknown}
 p - a potion of invisibility {unknown}
 s - 2 potions of haste {unknown}
 t - 2 potions of brilliance {unknown}
 u - a potion of lignification {unknown}
 w - a potion of mutation {unknown}
 C - a potion of magic {unknown}
 F - a potion of agility
Comestibles
 f - 7 rations
 I - 11 chunks of flesh


   Skills:
 + Level 5.0 Fighting
 * Level 4.8 Axes
 + Level 5.0 Armour
 + Level 5.0 Shields


You had 6 spell levels left.
You didn't know any spells.
Your spell library contained the following spells:

 Spells                   Type           Power        Failure   Level  Hunger
 Sandblast                Erth           #.....       100%        1    ##.....
 Summon Small Mammal      Summ           #...         100%        1    ##.....
 Call Imp                 Summ           #.......     100%        2    ###....
 Passwall                 Tmut/Erth      #.......     100%        2    ###....
 Call Canine Familiar     Summ           #.......     100%        3    ####...
 Stone Arrow              Conj/Erth      #.....       100%        3    ####...
 Summon Guardian Golem    Hex/Summ       #.......     100%        3    ####...
 Petrify                  Tmut/Erth      #.......     100%        4    #####..
 Summon Ice Beast         Ice/Summ       #.......     100%        4    #####..
 Summon Lightning Spire   Summ/Air       #.......     100%        4    #####..
 Lee's Rapid Deconstruct  Erth           #.........   100%        5    ######.


Dungeon Overview and Level Annotations

Branches:
Dungeon (5/15)             Temple (1/1) D:4

Altars:
Ashenzari
Cheibriados
Dithmenos
Elyvilon
Fedhas
Gozag
Hepliaklqana
Makhleb
Nemelex Xobeh
Okawaru
Qazlal
Ru
Sif Muna
Trog
Uskayaw
Wu Jian
Yredelemnul
Zin
The Shining One

Annotations:
D:5 Duvessa


Innate Abilities, Weirdness & Mutations

You are resistant to torment.
Your stone body is resilient. (AC +4)
You are immune to poison.
You resist negative energy. (rN+)
You are resistant to electric shocks. (rElec)
You can survive without breathing.
You are immune to petrification.
You are immune to rotting.


Message History

Duvessa is moderately wounded.
You block Duvessa's attack.
Duvessa hits you with a +5 short sword of speed.
You slash Duvessa!
Duvessa is heavily wounded.
Duvessa barely misses you. Duvessa hits you but does no damage.
Duvessa hits you with a +5 short sword of speed!
* * * LOW HITPOINT WARNING * * *
You hit Duvessa.
Duvessa is heavily wounded.
You block Duvessa's attack. Duvessa hits you but does no damage.
You hit Duvessa.
Duvessa is heavily wounded.
You block Duvessa's attack.
Duvessa hits you with a +5 short sword of speed!
* * * LOW HITPOINT WARNING * * *
It was a potion of curing.
You feel better. Duvessa hits you but does no damage.
Duvessa hits you with a +5 short sword of speed!
You die...

####.. ....
#... #...
#..# #.)##
##e@###
#.....###
#.......#
##..###.....
#..## .....
#..# #.###+#
. ##..# #.#
#.#
...######..##
#.###.#
........#..#
#.# #_. #


You could see Duvessa (berserk).

Vanquished Creatures
  Blork the orc (D:5)
  Dowan (D:5)
  A crimson imp (D:4)
  2 orc wizards
  2 orc priests (D:5)
  A hound (D:5)
  Jessica (D:3)
  3 worker ants
  A hound skeleton (D:4)
  Robin (D:3)
  7 adders
  2 oozes
  2 adder skeletons
  12 dart slugs
  4 leopard geckos
  10 orcs
  4 giant cockroaches
  9 goblins
  10 hobgoblins
  9 jackals
  8 kobolds
  A quokka (D:3)
  7 bats
  5 frilled lizards
  A quokka skeleton (D:5)
  9 rats
114 creatures vanquished.

Notes
Turn   | Place    | Note
-------+----------+-------------------------------------------
     0 | D:1      | Laan the Gargoyle Fighter began the quest for the Orb.
     0 | D:1      | Reached XP level 1. HP: 14/14 MP: 1/1
   111 | D:1      | Reached XP level 2. HP: 19/19 MP: 2/2
   261 | D:1      | Reached XP level 3. HP: 21/23 MP: 3/3
   800 | D:2      | Reached XP level 4. HP: 23/29 MP: 4/4
   849 | D:2      | Found a faded altar of an unknown god.
  1479 | D:3      | Noticed Jessica
  1484 | D:3      | Killed Jessica
  1533 | D:3      | Reached XP level 5. HP: 19/33 MP: 5/5
  1970 | D:3      | Noticed Robin
  1982 | D:3      | Killed Robin
  2145 | D:4      | Reached XP level 6. HP: 38/38 MP: 6/6
  2367 | D:4      | Found a staircase to the Ecumenical Temple.
  2401 | Temple   | Entered the Ecumenical Temple
  2454 | Temple   | Became a worshipper of the Shining One
  2807 | D:5      | Entered Level 5 of the Dungeon
  3324 | D:5      | Noticed Blork the orc
  3328 | D:5      | Reached XP level 7. HP: 37/44 MP: 7/7
  3334 | D:5      | Killed Blork the orc
  3378 | D:5      | Reached skill level 5 in Armour
  3378 | D:5      | Reached skill level 5 in Shields
  3489 | D:5      | Found a hazy altar of Hepliaklqana.
  3525 | D:5      | Noticed Duvessa
  3526 | D:5      | Noticed Dowan
  3533 | D:5      | Killed Dowan
  3533 | D:5      | Reached skill level 5 in Fighting
  3539 | D:5      | HP: 2/44 [Duvessa/+5 short sword of speed (8)]
  3540 | D:5      | Slain by Duvessa

Skill      XL: |  1  2  3  4  5  6  7 |
---------------+----------------------+-----
Axes           | 2 3 4 |  4.8
Fighting       | 4 5 |  5.0
Shields        | 4 5 |  5.0
Armour         | 4 5 |  5.0

Action                   |  1- 3 |  4- 6 |  7- 9 || total
-------------------------+-------+-------+-------++-------
Melee: War axe           |   102 |   320 |    24 ||   446
  Use: Potion            |       |       |     2 ||     2
  Eat: Chunk             |       |     9 |     1 ||    10
Armor: Scale mail        |    73 |   208 |     7 ||   288
       Plate armour      |       |       |     6 ||     6
Dodge: Dodged            |    43 |   112 |     3 ||   158
Block: Shield            |    65 |   177 |    19 ||   261
